 Dungeon Crawl Stone Soup version 0.27.1-33-g824d729ab1 (webtiles) character file.

Game seed: 952771624298682752

41 ReploidZero the Magician (level 3, -1/25 HPs)
             Began as a Djinni Fire Elementalist on Dec 10, 2021.
             Killed from afar by Natasha (4 damage)
             ... with a magic dart
             ... on level 2 of the Dungeon.
             The game lasted 00:05:34 (2266 turns).

ReploidZero the Magician (Djinni Fire Elementalist) Turns: 2266, Time: 00:05:34

Health: -1/25      AC:  5    Str:  7    XL:     3   Next: 75%
Gold:   114        EV: 11    Int: 17    God:
                   SH:  0    Dex: 13

rFire    + + .     SeeInvis .   (no weapon)
rCold    + . .     Faith    .   (no shield)
rNeg     . . .     Spirit   .   h - +2 leather armour {rC+}
rPois    ∞         Reflect  .   (no helmet)
rElec    .         Harm     .   (no cloak)
rCorr    .         Rampage  .   (no gloves)
Will     .....                  (boots unavailable)
Stlth    ++........             (no amulet)
HPRegen  0.08/turn              b - ring of protection from cold
MPRegen  0.00/turn              (no ring)

@: brilliant, about to teleport, flying
A: sickness immunity, fire resistance 2, cold vulnerability 1, float, innate
caster, hp casting, extra vitality 1
a: no special abilities


You were on level 2 of the Dungeon.
You visited 1 branch of the dungeon, and saw 2 of its levels.

You collected 114 gold pieces.

Inventory:

Armour
 a - a +0 robe
 h - a +2 leather armour of cold resistance (worn)
Jewellery
 b - a ring of protection from cold (left hand)
Scrolls
 f - a scroll of identify
 g - a scroll of blinking {unknown}
Potions
 c - 2 potions of lignification


   Skills:
 + Level 0.0 Armour
 - Level 2.1 Dodging
 - Level 1.5 Stealth
 * Level 3.5 Spellcasting


You couldn't memorise any spells.
You knew the following spells:

 Your Spells              Type           Power      Damage    Failure   Level
a - Foxfire               Conj/Fire      88%        2x1d8     6%          1
b - Conjure Flame         Conj/Fire      22%        6-21      19%         3
c - Inner Flame           Hex/Fire       22%        N/A       19%         3
d - Sticky Flame          Conj/Fire      22%        2d4       52%         4
e - Fireball              Conj/Fire      11%        3d7       86%         5
f - Beastly Appendage     Tmut           44%        N/A       6%          1
Your spell library was empty.

Dungeon Overview and Level Annotations

Branches:
Dungeon (2/15)

Altars:
Beogh

Annotations:
D:2 Natasha


Innate Abilities, Weirdness & Mutations

You are immune to sickness and miasma.
You are immune to poison.
Your flesh is very heat resistant. (rF++)
You are vulnerable to cold. (rC-)
You float through the air rather than walking.
You learn spells naturally, not from books.
Your magical power is your life essence.
You have superior vitality. (+4 HP)


Message History

Found 7 gold pieces.
Natasha, Servant of Life and Death comes into view.
Natasha hisses angrily.
Natasha mumbles some strange words.
You see here 11 gold pieces.
Natasha is nearby!
Natasha is nearby!
Natasha is nearby!
Natasha is nearby!
Casting: Foxfire (safe; 6% risk of failure)
Press: ? - help, Q - select action, (/) - cycle Dir - look around, f - activate You conjure some foxfire!
Found a stone staircase leading up.
Natasha stares at you and mumbles some strange words.
The magic dart hits you!
Unknown command.
Your foxfire dissipates!
Natasha mewls in sadness.
Natasha casts a spell at you. The magic dart hits you.
Casting: Foxfire (safe; 6% risk of failure)
Press: ? - help, Q - select action, (/) - cycle Dir - look around, f - activate You conjure some foxfire!
As you read the scroll of teleportation, it crumbles to dust.
You feel strangely unstable.
The foxfire hits Natasha.
Natasha is lightly wounded.
The foxfire hits Natasha.
Natasha is moderately wounded.
Natasha howls an incantation.
You feel disoriented.
Natasha stares at you and mumbles some strange words.
The magic dart hits you.
* * * LOW HITPOINT WARNING * * *
It was a potion of brilliance.
You feel clever all of a sudden. Natasha barely misses you.
Unknown command.
Natasha casts a spell at you. The magic dart hits you.
You die...

..# #..............#
#.## ##..####........#
#..###...# #......<.#
##.##...## ##########
#..#...# ##....##
###..#.#################
...)....................
......###### #..@..#
......########h#####
#.##...§§....$.§.#
#.###...#....$##..# #.#
###...##### #h..5 ..#
#..## .#... .## #....# #
<. ## #..##... # # #.#
###.


You could see Natasha.

Vanquished Creatures
  A dart slug (D:1)
  2 orcs (D:2)
  2 bats (D:1)
  3 endoplasms
  A goblin (D:2)
  4 hobgoblins
  4 jackals (D:1)
  A quokka (D:1)
  3 ball pythons
  8 kobolds
  4 rats
33 creatures vanquished.

Vanquished Creatures (others)
  89 foxfires
89 creatures vanquished.

Grand Total: 122 creatures vanquished

Notes
Turn   | Place    | Note
-------+----------+-------------------------------------------
     0 | D:1      | ReploidZero the Djinni Fire Elementalist began the quest
                  | for the Orb.
     0 | D:1      | Reached XP level 1. HP: 15/15 MP: 0/0
   564 | D:1      | Reached XP level 2. HP: 12/21 MP: 0/0
   893 | D:1      | Reached skill level 3 in Spellcasting
  1348 | D:1      | Reached XP level 3. HP: 10/25 MP: 0/0
  1348 | D:1      | Learned a level 1 spell: Beastly Appendage
  2228 | D:2      | Found a faded altar of an unknown god.
  2257 | D:2      | Noticed Natasha
  2266 | D:2      | Killed from afar by Natasha

Illustrated notes

Levels and vault maps discovered:
D:1:      minmay_arrival_semitransparent, layout_basic, lemuel_old_faithful
D:2:      layout_rooms, hellmonk_ecumenical_altar_defaced_shrine, minivault_4,
          kennysheep_potato, uniq_natasha

Skill      XL: |  1  2 |
---------------+-------+-----
Spellcasting   | 3 |  3.5
Dodging        | |  2.1
Stealth        | |  1.5

Action                   || total
-------------------------++-------
Melee: Unarmed           ||     5
 Cast: Foxfire           ||    60
  Use: Scroll            ||     3
       Potion            ||     1
Armor: Robe              ||    11
Dodge: Dodged            ||    28
